 Dungeon Crawl Stone Soup version 0.28.0-47-ge53b351184 (webtiles) character file.

Game seed: 3230031193125718815

3 GigaChad the Skirmisher (level 1, 0/19 HPs)
             Began as a Barachi Fighter on Apr 28, 2022.
             Slain by a jackal (1 damage)
             ... on level 1 of the Dungeon.
             The game lasted 00:00:47 (104 turns).

GigaChad the Skirmisher (Barachi Fighter)            Turns: 104, Time: 00:00:47

Health: 0/19       AC:  6    Str: 17    XL:     1   Next: 50%
Magic:  1/1        EV: 24    Int:  8    God:
Gold:   22         SH:  4    Dex: 11    Spells: 0/0 levels left

rFire   . . .      SeeInvis .   a - +0 long sword
rCold   . . .      Faith    .   c - +0 buckler
rNeg    . . .      Spirit   .   b - +0 scale mail
rPois   .          Reflect  .   (no helmet)
rElec   .          Harm     .   (no cloak)
rCorr   .          Rampage  .   (no gloves)
Will    .....                   (no boots)
Stlth   ..........              f - amulet of the acrobat
HPRegen 0.06/turn               (no ring)
MPRegen 0.07/turn               (no ring)

@: acrobatic, slow
A: amphibious, slowness 1, strong legs 1, +LOS
a: Hop


You were on level 1 of the Dungeon.
You visited 1 branch of the dungeon, and saw 1 of its levels.

You collected 22 gold pieces.

Inventory:

Hand Weapons
 a - a +0 long sword (weapon)
Armour
 b - a +0 scale mail (worn)
 c - a +0 buckler (worn)
Jewellery
 f - an amulet of the acrobat (around neck)
Potions
 d - a potion of might
 e - a potion of brilliance {unknown}


   Skills:
 + Level 3.7 Fighting
 + Level 2.6 Long Blades
 + Level 3.6 Armour
 + Level 3.3 Shields


You couldn't memorise any spells.
You didn't know any spells.
Your spell library was empty.

Dungeon Overview and Level Annotations

Branches:
Dungeon (1/15)

Altars:


Innate Abilities, Weirdness & Mutations

You are amphibious.
You cover ground slowly.
You can hop short distances.
You have an extended range of vision and can be seen from far away.


Message History

The jackal bites you but does no damage.
You block the quokka's attack. The hobgoblin completely misses you.
The jackal completely misses you. x2; You block the hobgoblin's attack.
Found a scroll labelled ZOW UCRYADAPISI.
The quokka misses you. The quokka completely misses you.
The jackal completely misses you.
The hobgoblin hits you but does no damage.
The quokka closely misses you.
You hit the hobgoblin.
The hobgoblin is almost dead.
You block the jackal's attack.
The hobgoblin hits you but does no damage.
The quokka closely misses you.
The jackal bites you but does no damage.
You hit the hobgoblin.
You kill the hobgoblin!
The jackal closely misses you. The quokka closely misses you.
The jackal bites you but does no damage.
The quokka barely misses you. The jackal barely misses you.
You closely miss the jackal.
The jackal bites you but does no damage.
The jackal closely misses you. The quokka barely misses you.
You block the jackal's attack.
You hit the jackal.
The jackal is severely wounded.
The jackal bites you but does no damage.
The quokka bites you.
* * * LOW HITPOINT WARNING * * *
The jackal bites you but does no damage. x2
The quokka bites you.
* * * LOW HITPOINT WARNING * * *
You closely miss the jackal.
The jackal is severely wounded.
The jackal bites you but does no damage.
The jackal closely misses you.
The quokka bites you but does no damage.
You block the jackal's attack. The jackal bites you.
* * * LOW HITPOINT WARNING * * *
The jackal completely misses you. The jackal bites you.
You die...

$ ........ .. .##### ........
..# ....#. ........ ## ....
......##........ .? .....
................ .##...
......#..g.. .. ....# .
....?..... .#...#....
.....#..########........#
#...........gh@# #....#
###.g.........rh## ....# #
#..............g# ##...# .##
#.#..##.........####....###...
............................
.....##..........#........#
.... #......###..........#
#### #......# #........#######
#......# #.......†.....⌠#


You could see a quokka, 2 jackals, a hobgoblin and a goblin.

Vanquished Creatures
  A hobgoblin (D:1)
  A quokka (D:1)
  A frilled lizard (D:1)
3 creatures vanquished.

Notes
Turn   | Place    | Note
-------+----------+-------------------------------------------
     0 | D:1      | GigaChad the Barachi Fighter began the quest for the Orb.
     0 | D:1      | Reached XP level 1. HP: 18/18 MP: 1/1
   104 | D:1      | Slain by a jackal

Illustrated notes

Levels and vault maps discovered:
D:1:      sevenhm_arrival_forest_fort_small_3, layout_rooms, serial_park_tiny_1,
          minivault_26, minmay_indecisive_spiral

Action                   || total
-------------------------++-------
Melee: Long sword        ||    15
Armor: Scale mail        ||    24
Dodge: Dodged            ||    32
Block: Buckler           ||    15
